 Dungeon Crawl Stone Soup version 0.28.0-45-g0d030f2227 (webtiles) character file.

Game seed: 15407889468587425839

28 101zpm the Gusty (level 3, -1/25 HPs)
             Began as a Gnoll Air Elementalist on Apr 24, 2022.
             Slain by a kobold
             ... wielding a +0 dagger
              (3 damage)
             ... on level 3 of the Dungeon.
             The game lasted 00:03:16 (669 turns).

101zpm the Gusty (Gnoll Air Elementalist)            Turns: 669, Time: 00:03:17

Health: -1/25      AC:  2    Str:  7    XL:     3   Next: 12%
Magic:  0/9        EV: 13    Int: 16    God:
Gold:   22         SH:  0    Dex: 12    Spells: 11/12 levels left

rFire   . . .      SeeInvis .   (no weapon)
rCold   . . .      Faith    .   (no shield)
rNeg    . . .      Spirit   .   a - +0 robe
rPois   .          Reflect  .   (no helmet)
rElec   .          Harm     .   (no cloak)
rCorr   .          Rampage  .   (no gloves)
Will    .....                   (no boots)
Stlth   ++........              (no amulet)
HPRegen 0.08/turn               (no ring)
MPRegen 0.11/turn               (no ring)

@: no status effects
A: fangs 1, strong nose, distributed training
a: no special abilities


You were on level 3 of the Dungeon.
You visited 1 branch of the dungeon, and saw 4 of its levels.

You collected 22 gold pieces.

Inventory:

Armour
 a - a +0 robe (worn)
Scrolls
 b - a scroll of teleportation {unknown}
 d - a scroll of blinking {unknown}
Potions
 c - a potion of attraction {unknown}


   Skills:
 + Level 0.6 Fighting
 + Level 0.6 Short Blades
 + Level 0.6 Long Blades
 + Level 0.6 Axes
 + Level 0.6 Maces & Flails
 + Level 0.6 Polearms
 + Level 0.6 Staves
 + Level 0.6 Slings
 + Level 0.6 Bows
 + Level 0.6 Crossbows
 + Level 0.6 Throwing
 + Level 0.6 Armour
 + Level 4.5 Dodging
 + Level 4.1 Stealth
 + Level 0.6 Shields
 + Level 0.6 Unarmed Combat
 + Level 5.0 Spellcasting
 + Level 2.1 Conjurations
 + Level 0.4 Hexes
 + Level 0.4 Summonings
 + Level 0.4 Necromancy
 + Level 0.4 Translocations
 + Level 0.4 Transmutations
 + Level 0.4 Fire Magic
 + Level 0.4 Ice Magic
 + Level 5.4 Air Magic
 + Level 0.4 Earth Magic
 + Level 0.4 Poison Magic
 + Level 0.8 Invocations
 + Level 0.6 Evocations


You had 11 spell levels left.
You knew the following spells:

 Your Spells              Type           Power      Damage    Failure   Level
a - Shock                 Conj/Air       64%        1d7       3%          1

Your spell library contained the following spells:

 Spells                   Type           Power      Damage    Failure   Level
 Static Discharge         Conj/Air       16%        N/A       4%          2
 Swiftness                Air            21%        N/A       4%          3
 Airstrike                Air            10%        N/A       17%         4


Dungeon Overview and Level Annotations

Branches:
Dungeon (4/15)
 Temple: D:4-7

Altars:

Shops:
D:1 =

Annotations:
D:3 Terence


Innate Abilities, Weirdness & Mutations

You have very sharp teeth.
Your uncanny sense of smell can sniff out nearby items.
Your experience applies equally to all skills.


Message History

You feel troubled.
Aiming: Shock (safe; 3% risk of failure)
Press: ? - help, Q - select action Shift-Dir - straight line, f - kobold
Aim: a kobold, wielding a +0 dagger (64% to hit)
The zap misses the kobold.
Aiming: Shock (safe; 3% risk of failure)
Press: ? - help, Q - select action Shift-Dir - straight line, f/p - kobold
Aim: a kobold, wielding a +0 dagger (64% to hit)
The zap hits Natasha.
Natasha is severely wounded.
The zap hits the kobold but does no damage.
Natasha barely misses you.
You don't have enough magic to cast this spell.
You don't have enough magic to cast this spell.
Natasha closely misses you.
There is a stone staircase leading down here.
You barely miss Natasha.
Natasha is severely wounded.
Natasha casts a spell.
You hit Natasha.
Natasha is almost dead.
Natasha barely misses you. The white imp gestures at you.
The puff of frost hits you!
You hit Natasha but do no damage.
Natasha is almost dead.
The kobold hits you with a +0 dagger. Natasha claws you but does no damage.
The white imp gestures at you. The puff of frost hits you!
* * * LOW HITPOINT WARNING * * *
You can't go up here!
Aiming: Shock (safe; 3% risk of failure)
Press: ? - help, Q - select action Shift-Dir - straight line, f - Natasha, p - kobold
Aim: Natasha (almost dead, 64% to hit)
The zap hits Natasha!
You kill Natasha!
Natasha yowls pathetically as she dies!
The white imp disappears in a puff of smoke!
The kobold hits you with a +0 dagger.
You die...

#.. ##.##.#
#.##.#
..#.#
######.#.#
#........#
#.≈≈≈.#..#
##.≈=≈.#K§#
#..≈≈≈...@#
#......####
..).#.. #.#
##. . ∆ +.
#. #. #.


You could see a kobold.

Vanquished Creatures
  Natasha (D:3)
  An adder (D:3)
  2 endoplasms
  2 giant cockroaches
  A goblin (D:1)
  5 hobgoblins
  2 kobolds
  A ball python (D:1)
  A bat (D:1)
  2 rats
18 creatures vanquished.

Notes
Turn   | Place    | Note
-------+----------+-------------------------------------------
     0 | D:1      | 101zpm the Gnoll Air Elementalist began the quest for the
                  | Orb.
     0 | D:1      | Reached XP level 1. HP: 13/13 MP: 6/6
   246 | D:1      | Reached XP level 2. HP: 19/19 MP: 4/7
   369 | D:1      | Found Pown's Jewellery Emporium.
   426 | D:3      | Noticed Terence
   490 | D:3      | Reached XP level 3. HP: 25/25 MP: 1/9
   595 | D:4      | Reached skill level 5 in Spellcasting
   656 | D:3      | Noticed Natasha
   669 | D:3      | Killed Natasha
   669 | D:3      | Slain by a kobold

Illustrated notes

Levels and vault maps discovered:
D:1:      minmay_arrival_jagged, layout_basic, serial_shops,
          nicolae_shop_hallway_stairs
D:2:      layout_loops_ring, dreamdust_ecumenical_altar_drowned_temple,
          serial_shops, nicolae_shop_trees, basic_altar, uniq_crazy_yiuf_cottage
D:3:      layout_basic, corexii_item_surrounded_by_moat, uniq_sigmund,
          uniq_jessica, uniq_natasha, uniq_terence
D:4:      layout_loops_corners, nemelex_diamond_rough_becter, serial_rivers,
          chequers_serial_rivers_small_3, chequers_serial_rivers_room_a,
          chequers_serial_rivers_room_b, chequers_serial_rivers_micro_d,
          chequers_serial_rivers_small_b, serial_shops, shop

Skill      XL: |  1  2  3 |
---------------+----------+-----
Conjurations   | 2 |  2.1
Spellcasting   | 5 |  5.0
Fighting       | |  0.6
Short Blades   | |  0.6
Long Blades    | |  0.6
Axes           | |  0.6
Maces & Flails | |  0.6
Polearms       | |  0.6
Staves         | |  0.6
Slings         | |  0.6
Bows           | |  0.6
Crossbows      | |  0.6
Throwing       | |  0.6
Armour         | |  0.6
Dodging        | |  4.5
Stealth        | |  4.1
Shields        | |  0.6
Unarmed Combat | |  0.6
Hexes          | |  0.4
Summonings     | |  0.4
Necromancy     | |  0.4
Translocations | |  0.4
Transmutations | |  0.4
Fire Magic     | |  0.4
Ice Magic      | |  0.4
Air Magic      | |  5.4
Earth Magic    | |  0.4
Poison Magic   | |  0.4
Invocations    | |  0.8
Evocations     | |  0.6

Action                   || total
-------------------------++-------
Melee: Unarmed           ||     3
 Cast: Shock             ||    38
Armor: Robe              ||     3
Dodge: Dodged            ||     5
